 Seeded DCSS version 0.29.1-2-gbd0b4ee654 (webtiles) character file.

Game seed: 1248076946616818090 (custom seed)

4253 kingsuperguy the Basher (level 10, -11/139 HPs)
             Began as a Minotaur Berserker on Nov 28, 2022.
             Was an Elder of Trog.
             Mangled by a cane toad (13 damage)
             ... on level 1 of the Lair of Beasts.
             The game lasted 00:24:09 (8659 turns).

kingsuperguy the Basher (Minotaur Berserker)        Turns: 8659, Time: 00:24:09

Health: -11/139    AC: 25    Str: 25 (26) XL:     10   Next: 10%
Magic:  9/9        EV:  2    Int:  4      God:    Trog [****..]
Gold:   421        SH:  5    Dex:  9 (10) Spells: 9/9 levels left

rFire   + . .      SeeInvis .   a - +0 mace
rCold   + . .      Faith    .   J - +3 warlock's mirror {reflect}
rNeg    . . .      Spirit   .   (body armour currently unavailable)
rPois   +          Reflect  +   (helmet currently unavailable)
rElec   +          Harm     .   (cloak currently unavailable)
rCorr   +          Rampage  .   (gloves currently unavailable)
Will    .....      NoTele   +   (boots currently unavailable)
Stlth   +.........              D - amulet of regeneration
HPRegen 1.13/turn               (no ring)
MPRegen 0.11/turn               (no ring)

@: tree-form, resistant, on berserk cooldown, slowed, studying Fighting, very
slow
A: stationary, stasis, torment immunity, boosted hp, (horns 2), (retaliatory
headbutt)
a: Renounce Religion, Berserk, Trog's Hand, Brothers in Arms


You were on level 1 of the Lair of Beasts.
You worshipped Trog.
Trog was greatly pleased with you.
You were a tree.
You visited 2 branches of the dungeon, and saw 9 of its levels.

You collected 421 gold pieces.

Inventory:

Hand Weapons
 a - a +0 mace (weapon)
 p - a +0 trident of venom
 x - a +2 quarterstaff of chaos
 E - a +1 whip of freezing
 G - a +0 dire flail
Missiles
 s - 2 throwing nets
Armour
 b - a +0 animal skin
 e - a +0 chain mail (melded)
 i - a +1 pair of gloves (melded)
 r - a +0 pair of boots (melded)
 y - a +1 cloak (melded)
 I - a +0 kite shield
 J - the +3 warlock's mirror (worn) {reflect}
   (You acquired it on level 5 of the Dungeon)

   It can block and reflect piercing ranged attacks and magical attacks against
   the wielder's willpower.
Jewellery
 o - a ring of ice
 w - a ring of flight
 D - an amulet of regeneration (around neck)
 F - a ring of protection from cold
Wands
 q - a wand of mindburst (16)
Scrolls
 c - 2 scrolls of amnesia
 f - a scroll of immolation {unknown}
 g - 3 scrolls of teleportation
 h - 4 scrolls of enchant weapon
 j - 4 scrolls of brand weapon
 k - a scroll of silence
 l - 2 scrolls of torment
 n - 2 scrolls of acquirement
 t - a scroll of magic mapping {unknown}
 u - 2 scrolls of summoning {unknown}
 v - a scroll of fear {unknown}
 z - a scroll of vulnerability {unknown}
 A - 3 scrolls of poison {unknown}
 B - 2 scrolls of identify
 C - a scroll of butterflies {unknown}
Potions
 m - a potion of berserk rage {unknown}


   Skills:
 * Level 10.2 Fighting
 + Level 11.3 Maces & Flails
 * Level 11.0 Armour
 + Level 4.3 Dodging
 + Level 1.0 Stealth


You had 9 spell levels left.
You didn't know any spells.
Your spell library was empty.

Dungeon Overview and Level Annotations

Branches:
Dungeon (8/15)             Temple (0/1) D:4            Lair (1/5) D:8

Altars:
Makhleb
Sif Muna
Trog
Xom

Shops:
D:8 (:

Annotations:
Lair:1 Erica


Innate Abilities, Weirdness & Mutations

You are a tree.
Your roots penetrate the ground, keeping you stationary.
You cannot be teleported.
You are immune to unholy pain and torment.
Your maximum health is greatly increased.
Your equipment is partially melded.
((You have a pair of horns on your head.))
((You reflexively headbutt those who attack you in melee.))


Message History

The six-headed hydra barely misses you.
The six-headed hydra bites you but does no damage.
The six-headed hydra bites you.
* * * LOW HITPOINT WARNING * * *
The six-headed hydra bites you but does no damage.
Really quaff the potion of lignification?
You turn into a tree.
Your +1 cloak melds into your body.
Your +1 pair of gloves melds into your body.
Your +0 pair of boots melds into your body.
Your +0 chain mail melds into your body.
Your roots penetrate the ground.
The cane toad barely misses you.
Erica gestures wildly while chanting.
Erica flickers and vanishes!
Deactivating autopickup; reactivate with Ctrl-A.
The cane toad stings you but does no damage.
The six-headed hydra bites you but does no damage. x2
The six-headed hydra bites you.
* * * LOW HITPOINT WARNING * * *
The six-headed hydra bites you!
* * * LOW HITPOINT WARNING * * *
The six-headed hydra barely misses you. The six-headed hydra bites you!
* * * LOW HITPOINT WARNING * * *
Something completely misses you.
It was a potion of resistance.
You feel protected.
The cane toad stings you but does no damage.
The six-headed hydra bites you.
* * * LOW HITPOINT WARNING * * *
You block the six-headed hydra's attack.
The six-headed hydra bites you.
* * * LOW HITPOINT WARNING * * *
The six-headed hydra bites you.
* * * LOW HITPOINT WARNING * * *
The six-headed hydra bites you.
* * * LOW HITPOINT WARNING * * *
The six-headed hydra bites you but does no damage.
Something hits you.
* * * LOW HITPOINT WARNING * * *
The cane toad stings you!
You die...

# ## #.########.#
###. ...... ....
.....
..#.#.##P.###.....
.........)........
#.......FD...#
#[...<..♣{#
#.^..........#
###+.#.####..#
...... .# ##P#....
# ###..... #......
#.......


You could see a six-headed hydra and a cane toad.

Vanquished Creatures
  Pikel (D:4)
  A gargoyle (D:8)
  A yak (D:8)
  2 wyverns
  4 water moccasins (D:8)
  Duvessa (D:4)
  2 ice beasts
  3 black bears
  An ogre (D:4)
  A centaur (D:8)
  A phantom (D:5)
  2 kobold brigands
  Blork the orc (D:5)
  7 bullfrogs
  2 scorpions
  A gnoll sergeant (D:8)
  Dowan (D:4)
  A killer bee (D:8)
  3 hounds
  3 orc priests
  Crazy Yiuf (D:3)
  3 gnoll boudas
  3 iguanas
  5 orc wizards
  Robin (D:3)
  25 gnolls
  8 adders
  A shadow imp (D:5)
  2 ufetubi
  A dart slug (D:4)
  19 orcs
  6 bats
  7 endoplasms
  9 giant cockroaches
  13 goblins
  10 hobgoblins
  14 jackals
  19 kobolds
  3 quokkas
  5 ball pythons
  7 frilled lizards
  3 rats
204 creatures vanquished.

Vanquished Creatures (others)
  25 fungi (D:8)
  38 plants (D:8)
63 creatures vanquished.

Grand Total: 267 creatures vanquished

Notes
Turn   | Place    | Note
-------+----------+-------------------------------------------
     0 | D:1      | kingsuperguy the Minotaur Berserker began the quest for the
                  | Orb.
     0 | D:1      | Reached XP level 1. HP: 19/19 MP: 0/0
    47 | D:1      | Reached XP level 2. HP: 18/27 MP: 1/1
   734 | D:1      | You fall into a shaft and drop 1 floor!
   742 | D:2      | Reached XP level 3. HP: 33/33 MP: 2/2
   753 | D:2      | Reached ** piety under Trog
  1193 | D:2      | Reached XP level 4. HP: 22/41 MP: 3/3
  1869 | D:3      | Reached skill level 5 in Maces & Flails
  2249 | D:3      | Found a runed translucent door.
  2250 | D:3      | Noticed Crazy Yiuf
  2376 | D:3      | Noticed Robin
  2384 | D:3      | Reached XP level 5. HP: 35/47 MP: 4/4
  2398 | D:3      | Killed Robin
  2398 | D:3      | Reached *** piety under Trog
  3176 | D:3      | Killed Crazy Yiuf
  3350 | D:4      | Found a staircase to the Ecumenical Temple.
  3524 | D:4      | Noticed Duvessa
  3527 | D:4      | Noticed Dowan
  3534 | D:4      | Killed Duvessa
  3535 | D:4      | Reached skill level 5 in Armour
  3535 | D:4      | Reached XP level 6. HP: 53/53 MP: 5/5
  3551 | D:4      | Killed Dowan
  3552 | D:4      | Reached skill level 5 in Fighting
  3780 | D:4      | Identified 4 scrolls of acquirement
  4274 | D:5      | Entered Level 5 of the Dungeon
  4274 | D:5      | Noticed Pikel
  4291 | D:4      | Killed Pikel
  4292 | D:4      | Reached XP level 7. HP: 27/61 MP: 6/6
  4981 | D:5      | Reached XP level 8. HP: 58/70 MP: 7/7
  4981 | D:5      | Acquired a manual of Fighting
  4985 | D:5      | Acquired the +3 warlock's mirror {reflect}
  4985 | D:5      | Found the +3 warlock's mirror {reflect}
  5496 | D:5      | Noticed Blork the orc
  5499 | D:5      | Found a bloodstained altar of Trog.
  5506 | D:5      | Killed Blork the orc
  5946 | D:6      | Reached **** piety under Trog
  6442 | D:7      | Reached XP level 9. HP: 59/81 MP: 8/8
  6707 | D:7      | Found a shimmering altar of Xom.
  6923 | D:7      | Reached skill level 10 in Maces & Flails
  7205 | D:8      | Reached skill level 10 in Armour
  7229 | D:8      | Found a staircase to the Lair.
  7237 | D:8      | Found Hariul's Book Boutique.
  7255 | D:8      | HP: 3/123 [black bear (6)]
  7884 | D:8      | Found a burning altar of Makhleb.
  7890 | D:8      | Reached skill level 1 in Stealth
  7936 | D:8      | Found Koivetaf's Antique Weapon Shop.
  7943 | D:8      | Reached skill level 10 in Fighting
  7952 | D:8      | Reached XP level 10. HP: 68/93 MP: 9/9
  7963 | D:8      | Reached ***** piety under Trog
  7996 | D:8      | Found a shimmering blue altar of Sif Muna.
  8006 | D:8      | Noticed a gargoyle
  8019 | D:8      | Killed a gargoyle
  8647 | Lair:1   | Entered Level 1 of the Lair of Beasts
  8647 | Lair:1   | Noticed Erica
  8650 | Lair:1   | Noticed a cane toad
  8650 | Lair:1   | Noticed a six-headed hydra
  8659 | Lair:1   | HP: 3/139 [six-headed hydra (5)]
  8659 | Lair:1   | Mangled by a cane toad

Illustrated notes

Levels and vault maps discovered:
D:1:      dpeg_arrival_long_road, layout_basic
D:2:      layout_basic
D:3:      layout_basic, serial_aquarium, aquarium_bridge_square
          [aquarium_subvault_balcony, aquarium_subvault_bridge,
          aquarium_subvault_balcony, aquarium_subvault_window],
          aquarium_bridge_long_separate [aquarium_subvault_bridge,
          aquarium_subvault_balcony, aquarium_subvault_balcony,
          aquarium_subvault_wall, aquarium_subvault_bridge,
          aquarium_subvault_window], aquarium_window_2, aquarium_window_1,
          aquarium_window_1, aquarium_window_fake, aquarium_view_2c,
          aquarium_view_2c, aquarium_balcony_1b, uniq_robin,
          uniq_crazy_yiuf_cottage
D:4:      layout_cave_pools, minmay_temple_entry_mist, minmay_ruptured,
          uniq_duvessa
D:5:      layout_gridville, mainiacjoe_overflow_brackets, uniq_blork_the_orc,
          uniq_pikel
D:6:      layout_loops_cross
D:7:      layout_basic, mainiacjoe_overflow_small_starburst
D:8:      layout_rooms, due_lair_maze_entry_diamond, serial_shops, shop,
          nicolae_shop_bloodbath_and_beyond, shop, nicolae_take_the_stairs,
          hangedman_feature_mirror
Lair:1:   layout_chaotic_city, gauntlet_entry_generic,
          infiniplex_staircase_pool_2, uniq_amaemon, uniq_erica

Skill      XL: |  1  2  3  4  5  6  7  8  9 10 |
---------------+-------------------------------+-----
Maces & Flails | 4 5 6 7 9 11 | 11.3
Fighting       | 4 5 7 10 | 10.2
Armour         | 3 5 7 9 10 11 | 11.0
Dodging        | 3 4 |  4.3
Stealth        | 1 |  1.0

Action                   |  1- 3 |  4- 6 |  7- 9 | 10-12 || total
-------------------------+-------+-------+-------+-------++-------
Melee: Mace              |   109 |   154 |   361 |    39 ||   663
       Headbutt          |    11 |    18 |    57 |    10 ||    96
       Punch             |       |     2 |     4 |       ||     6
Invok: Berserk           |       |     4 |     3 |     2 ||     9
       Trog's Hand       |       |       |     2 |       ||     2
  Use: Scroll            |       |     7 |     2 |       ||     9
       Potion            |       |       |    16 |     2 ||    18
 Stab: Invisible         |       |       |     1 |       ||     1
Armor: Animal skin       |    10 |       |       |       ||    10
       Chain mail        |    77 |   129 |   287 |    27 ||   520
       Skin              |       |       |   188 |     5 ||   193
Dodge: Dodged            |    70 |    93 |   248 |    17 ||   428
Block: Buckler           |       |       |       |     3 ||     3
